 Dungeon Crawl Stone Soup version 0.26-a0-638-gcca6ad1b57 (webtiles) character file.

Game seed: 13156584018783723884

579 DogServant the Bolt Thrower (level 7, 0/54 HPs)
             Began as a Formicid Hunter on Sept 14, 2020.
             Was a Follower of Okawaru.
             Slain by a worker ant (6 damage)
             ... on level 5 of the Dungeon.
             The game lasted 00:08:10 (4036 turns).

DogServant the Bolt Thrower (Formicid Hunter)       Turns: 4036, Time: 00:08:12

Health: 0/54       AC:  3    Str: 18    XL:     7   Next: 63%
Magic:  9/9        EV: 12    Int: 10    God:    Okawaru [*.....]
Gold:   229        SH:  0    Dex: 12    Spells: 6/9 levels left

rFire    . . .     SeeInvis +   a - +1 hand crossbow
rCold    . . .     Faith    .   (no shield)
rNeg     . . .     Spirit   .   c - +0 leather armour
rPois    .         Reflect  .   (helmet unavailable)
rElec    .         Harm     .   (no cloak)
rCorr    .         Rampage  .   (no gloves)
MR       .....                  (no boots)
Stlth    +.........             (no amulet)
HPRegen  0.18/turn              (no ring)
MPRegen  0.11/turn              (no ring)

@: lethally poisoned (0 -> -1)
A: permanent stasis, dig shafts and tunnels, four strong arms, antennae 3
a: Dig, Shaft Self, Heroism, Renounce Religion


You were on level 5 of the Dungeon.
You worshipped Okawaru.
Okawaru was aware of your devotion.
You visited 1 branch of the dungeon, and saw 6 of its levels.

You collected 229 gold pieces.

Inventory:

Hand Weapons
 a - a +1 hand crossbow (weapon)
 e - a +2 dagger of venom
 v - a +2 great sword of holy wrath
Missiles
 d - 19 bolts (quivered)
Armour
 c - a +0 leather armour (worn)
Jewellery
 n - an uncursed ring of ice {unknown}
Wands
 u - a wand of digging (6)
Scrolls
 i - 2 scrolls of enchant armour {unknown}
 k - 2 scrolls of remove curse {unknown}
 l - 3 scrolls of teleportation {unknown}
 m - 2 scrolls of immolation {unknown}
 p - a scroll of amnesia {unknown}
 q - 2 scrolls of identify {unknown}
 t - a scroll of random uselessness {unknown}
Potions
 b - a potion of stabbing {unknown}
 f - 2 potions of flight {unknown}
 g - a potion of curing {unknown}
 h - a potion of cancellation {unknown}
 j - a potion of lignification {unknown}
 o - a potion of might {unknown}
 r - a potion of haste {unknown}
 s - 3 potions of brilliance {unknown}


   Skills:
 + Level 4.2 Fighting
 + Level 2.0 Short Blades
 * Level 6.4 Crossbows
 - Level 1.7 Dodging
 - Level 1.2 Stealth
 + Level 1.9 Spellcasting
 * Level 3.6 Hexes


You had 6 spell levels left.
You knew the following spells:

 Your Spells              Type           Power        Failure   Level
a - Confusing Touch       Hex            #.......     24%         3

Your spell library contained the following spells:

 Spells                   Type           Power        Failure   Level
 Gell's Gravitas          Tloc           #.........   75%         3
 Petrify                  Tmut/Erth      #.......     98%         4
 Metabolic Englaciation   Hex/Ice        #.........   99%         5
 Yara's Violent Unravell  Hex/Tmut       #.........   99%         5


Dungeon Overview and Level Annotations

Branches:
Dungeon (6/15)
 Temple: D:4-7

Altars:
Okawaru
Trog
Xom
Beogh

Annotations:
D:3 3 runed translucent doors, fly's ghost, novice FoDe


Innate Abilities, Weirdness & Mutations

You cannot be hasted, slowed, berserked, paralysed or teleported.
You can dig through walls and to a lower floor.
Your four strong arms can wield two-handed weapons with a shield.
You have a pair of large antennae on your head. (SInv)


Message History

Aim: a worker ant You shoot a bolt.
The bolt hits the worker ant but does no damage.
The worker ant bites you.
* * * LOW HITPOINT WARNING * * *
The phantom barely misses you.
Firing (i - inventory)
d - 21 bolts (quivered)
Press: ? - help, Shift-Dir - straight line, f/p - worker ant
Aim: a worker ant You shoot a bolt.
The bolt closely misses the worker ant.
You feel sick. The worker ant misses you. The phantom hits you.
* * * LOW HITPOINT WARNING * * *
The worker ant barely misses you.
Firing (i - inventory)
d - 20 bolts (quivered)
Press: ? - help, Shift-Dir - straight line, f/p - worker ant
Aim: a worker ant You shoot a bolt.
The bolt hits the worker ant!
The worker ant is severely wounded.
The phantom blinks!
The worker ant bites you.
You die...

#.# #..#.#.#.####.##.#
#.# #..#......###.##.#
#.#####..#.....#.##.##.#
#.......W...........##.#
#######.##.....#.#####.#
#.###.#...## #.# #(#
##.#..# #.# #ยง# ###..#
#.# #@# ##.# #.# #a# #.#
#.# #.# #.# #.# #.# #.#
#.# #.# #.######.# #.#
#......... #.#
##.######.#
#(######.........#
#.........########


You could see a phantom and a worker ant.

Vanquished Creatures
  An ice beast (D:5)
  A phantom (D:4)
  A centaur (D:5)
  A howler monkey (D:5)
  3 orc wizards (D:5)
  A worker ant (D:4)
  A hound zombie (D:5)
  5 adders
  A shadow imp (D:6)
  An adder skeleton (D:4)
  An adder zombie (D:5)
  A worm (D:2)
  3 dart slugs
  4 leopard geckos
  6 orcs (D:5)
  A ball python (D:2)
  5 giant cockroaches
  9 goblins
  7 hobgoblins
  19 jackals
  3 kobolds
  4 bats
  6 frilled lizards
  2 giant cockroach zombies (D:5)
  A jackal skeleton (D:4)
  A quokka skeleton (D:4)
  3 rats
92 creatures vanquished.

Vanquished Creatures (others)
  2 plants (D:6)
2 creatures vanquished.

Grand Total: 94 creatures vanquished

Notes
Turn   | Place    | Note
-------+----------+-------------------------------------------
     0 | D:1      | DogServant the Formicid Hunter began the quest for the Orb.
     0 | D:1      | Reached XP level 1. HP: 16/16 MP: 1/1
   107 | D:1      | Reached XP level 2. HP: 23/23 MP: 2/2
   299 | D:1      | Reached XP level 3. HP: 28/28 MP: 3/3
   825 | D:2      | Reached skill level 5 in Crossbows
   825 | D:2      | Reached XP level 4. HP: 28/35 MP: 4/4
  1669 | D:3      | Found a shimmering altar of Xom.
  1685 | D:3      | Reached XP level 5. HP: 16/41 MP: 5/5
  1942 | D:3      | Found an iron altar of Okawaru.
  1960 | D:3      | Became a worshipper of Warmaster Okawaru
  2006 | D:3      | Found a bloodstained altar of Trog.
  2103 | D:3      | Learned a level 3 spell: Confusing Touch
  2316 | D:3      | Found a runed translucent gate.
  2317 | D:3      | Found a runed translucent gate.
  2317 | D:3      | Noticed fly's ghost (novice FoDe)
  2318 | D:3      | Found a runed translucent gate.
  2319 | D:3      | Found a roughly hewn altar of Beogh.
  2393 | D:4      | Noticed a phantom
  2410 | D:4      | Killed a phantom
  2410 | D:4      | Reached skill level 1 in Hexes
  2410 | D:4      | Reached XP level 6. HP: 18/47 MP: 5/7
  2691 | D:4      | Reached skill level 1 in Short Blades
  2691 | D:4      | Reached skill level 1 in Spellcasting
  3007 | D:4      | Noticed an ogre
  3021 | D:5      | Entered Level 5 of the Dungeon
  3065 | D:5      | Noticed an ice beast
  3087 | D:5      | Killed an ice beast
  3087 | D:5      | Reached skill level 6 in Crossbows
  3207 | D:5      | Reached XP level 7. HP: 49/54 MP: 9/9
  3908 | D:5      | Reached * piety under Okawaru
  4036 | D:5      | Slain by a worker ant

Illustrated notes

Levels and vault maps discovered:
D:1:      psy_arrival_fountain, layout_rooms
D:2:      layout_loops_ring
D:3:      layout_rooms, brannock_xom_greatest_gift, bloody_trog,
          biasface_ghost_orc_armoury, okawaru_gym_becter
D:4:      layout_rooms
D:5:      layout_loops_ring, minmay_holes
D:6:      layout_loops_ring, ashenzari_altar_1, serial_bayou_pond_d,
          uniq_crazy_yiuf_cottage, uniq_grinder

Skill      XL: |  1  2  3  4  5  6  7 |
---------------+----------------------+-----
Fighting       | 3 4 |  4.2
Crossbows      | 5 6 |  6.4
Hexes          | 1 2 3 |  3.6
Short Blades   | 1 2 |  2.0
Spellcasting   | 1 |  1.9
Dodging        | |  1.7
Stealth        | |  1.2

Action                   |  1- 3 |  4- 6 |  7- 9 || total
-------------------------+-------+-------+-------++-------
Melee: Short sword       |     2 |       |       ||     2
       Dagger            |    34 |   118 |       ||   152
       Great sword       |       |       |     1 ||     1
 Fire: Hand crossbow     |    29 |    39 |    52 ||   120
 Stab: Sleeping          |       |     2 |       ||     2
Armor: Leather armour    |    18 |    35 |     2 ||    55
Dodge: Dodged            |    39 |    78 |    22 ||   139
       Rpst.: Great sword |       |       |     1 ||     1

Table legend: (Time is in decaauts)
 A = Elapsed time spent in this place.
 B = Non-inter-level travel time spent in this place.
 C = Inter-level travel time spent in this place.
 D = Time resting spent in this place.
 E = Time spent auto-exploring this place.
 F = Levels seen in this place.
 G = Mean time per level.
                   A        B        C        D        E       F      G
               +--------+--------+--------+--------+--------+-----+--------+
         Total |   4054 |   3961 |     93 |    343 |   2855 |   6 |  675.7 |
       Dungeon |   4054 |   3961 |     93 |    343 |   2855 |   6 |  675.7 |
               +--------+--------+--------+--------+--------+-----+--------+

Top non-repeatable levels by time:
     D:5: 1002 daAuts
     D:2: 941 daAuts
     D:1: 733 daAuts
     D:3: 695 daAuts
     D:4: 656 daAuts
     D:6: 24 daAuts
